Los Angeles Kings vs Hartford Whalers
Created - Monday, September 25, 2023 at 06:57
Goals
|
| Los Angeles Kings |
3 |
1 |
1 |
5 |
| Hartford Whalers |
0 |
2 |
4 |
6 |
|
Shots
|
| Los Angeles Kings |
11 |
21 |
12 |
44 |
| Hartford Whalers |
7 |
9 |
11 |
27 |
|
1st period
1. Los Angeles Kings , Andrei Kuzmenko 9 (Andrei Svechnikov 8) at 6:28
2. Los Angeles Kings , Andrei Svechnikov 5 (Andrei Kuzmenko 13, K'Andre Miller 5) at 8:33
3. Los Angeles Kings , Andrei Svechnikov 6 (Kirby Dach 13) at 19:01
Penalties :
Marcus Foligno (HFD) for Fighting (Major) at 10:35, Peyton Krebs (LAK) for Fighting (Major) at 10:35, Cooper Marody (LAK) for Hooking (Minor) at 12:50
2nd period
4. Hartford Whalers , Alexander Wennberg 13 (Taylor Hall 18) at 1:29
5. Hartford Whalers , Marcus Foligno 10 (Alexis Lafreniere 12, Thomas Chabot 16) at 1:45
6. Los Angeles Kings , Alexander Radulov 11 (Rasmus Sandin 6, Peyton Krebs 4) at 16:35
Penalties :
John Hayden (HFD) for Fighting (Major) at 0:37, Nicklas Backstrom (LAK) for Fighting (Major) at 0:37, John Hayden (HFD) for Hooking (Minor) at 7:48, Connor Clifton (HFD) for Hooking (Minor) at 13:51, Torey Krug (HFD) for Tripping (Minor) at 19:22
3rd period
7. Hartford Whalers , Taylor Hall 18 (Torey Krug 3) at 2:26
8. Hartford Whalers , Connor Clifton 1 (Torey Krug 4, Alexis Lafreniere 13) at 2:35
9. Hartford Whalers , Alexis Lafreniere 11 (Jaccob Slavin 10) at 6:25
10. Los Angeles Kings , Erik Brannstrom 3 (K'Andre Miller 6, Jakub Zboril 1) at 18:13
11. Hartford Whalers , Anthony Mantha 3 (Mark Kastelic 2) at 19:59
Penalties :
Taylor Hall (HFD) for Tripping (Minor) at 6:45, Thomas Chabot (HFD) for Boarding (Minor) at 10:29, John Hayden (HFD) for Roughing (Minor) at 15:32
Goalie Stats
John Gibson (LAK), 21 saves from 27 shots - (0.778), L, 7-15-1, 60:00 minutes
Anton Forsberg (HFD), 39 saves from 44 shots - (0.886), W, 7-7-6, 60:00 minutes
Players Stats for Los Angeles Kings
Player Name G A P +/- PIM S H SB GA TA FO MP PP MP PK MP
------------------------------------------------------------------------------------
Alexander Radulov 1 0 1 0 0 4 0 0 1 0 1/2 12:45 0:03 1:04
Alexander Romanov 0 0 0 1 0 1 1 0 0 1 0/0 23:15 6:03 0:50
Andrei Kuzmenko 1 1 2 -1 0 6 1 0 0 0 0/2 19:38 6:04 0:55
Andrei Svechnikov 2 1 3 1 0 8 2 0 0 1 0/0 13:52 0:15 0:00
Cooper Marody 0 0 0 -2 2 2 1 0 0 1 4/7 16:18 5:49 0:00
Erik Brannstrom 1 0 1 1 0 1 2 0 0 0 1/6 9:55 0:00 0:00
Jakub Zboril 0 1 1 1 0 0 2 0 0 0 0/0 9:55 0:00 0:00
Joshua Brown 0 0 0 0 0 1 2 0 0 0 0/0 13:08 0:00 0:00
K'Andre Miller 0 2 2 1 0 0 0 1 0 1 0/0 23:15 6:03 0:50
Kirby Dach 0 1 1 -1 0 2 1 2 0 0 6/23 21:31 6:01 0:55
Nicklas Backstrom 0 0 0 0 5 2 1 0 0 1 10/15 16:20 5:50 1:04
Noah Dobson 0 0 0 -2 0 5 0 2 0 0 0/0 23:37 5:51 1:09
Owen Power 0 0 0 -2 0 0 2 1 1 0 0/0 23:37 5:51 1:09
Peyton Krebs 0 1 1 -1 5 0 0 0 0 0 1/2 11:30 0:03 0:00
Rasmus Sandin 0 1 1 0 0 4 2 0 0 0 0/0 13:08 0:00 0:00
Ryan Reaves 0 0 0 -1 0 1 2 1 0 1 1/3 18:21 5:47 0:00
Seth Jarvis 0 0 0 -1 0 5 0 0 1 0 0/1 17:58 5:50 0:00
Vitali Kravtsov 0 0 0 1 0 2 2 0 2 0 1/1 9:55 0:00 0:00
Players Stats for Hartford Whalers
Player Name G A P +/- PIM S H SB GA TA FO MP PP MP PK MP
------------------------------------------------------------------------------------
Alec Martinez 0 0 0 0 0 2 1 0 0 0 0/0 23:26 1:11 5:59
Alexander Wennberg 1 0 1 1 0 6 1 0 0 0 13/17 19:52 0:53 5:48
Alexis Lafreniere 1 2 3 2 0 1 1 0 0 0 0/0 14:11 0:53 0:44
Anthony Mantha 1 0 1 -1 0 1 0 0 0 0 0/0 13:35 0:00 0:54
Casey Cizikas 0 0 0 2 0 0 2 0 1 0 9/16 19:04 0:53 5:43
Connor Clifton 1 0 1 2 2 1 1 0 0 0 0/0 13:35 0:00 0:40
Haydn Fleury 0 0 0 -1 0 0 0 0 0 0 1/2 8:17 0:00 0:21
Jaccob Slavin 0 1 1 -1 0 1 2 3 0 0 0/0 23:44 0:48 5:55
John Hayden 0 0 0 -2 9 1 1 0 0 0 0/0 11:15 0:13 0:00
Josh Anderson 0 0 0 1 0 1 3 0 1 0 0/6 19:57 1:03 5:53
Joshua Norris 0 0 0 -1 0 2 2 0 1 0 8/11 13:02 0:30 0:00
Lukas Reichel 0 0 0 -1 0 2 1 1 0 0 3/3 7:48 0:00 0:00
Marcus Foligno 1 0 1 2 5 2 2 0 0 0 0/1 10:58 0:00 0:00
Mark Kastelic 0 1 1 0 0 1 1 0 0 1 1/1 11:09 0:27 0:00
Taylor Hall 1 1 2 1 2 3 0 1 2 0 2/5 19:06 1:05 4:46
Thomas Chabot 0 1 1 -1 2 2 1 1 1 1 0/0 22:42 0:48 4:54
Torey Krug 0 2 2 2 2 1 0 0 0 1 0/0 12:51 0:00 0:00
Trevor van Riemsdyk 0 0 0 0 0 0 1 3 0 2 0/0 23:26 1:11 5:59
3 Stars
1 - Andrei Svechnikov (LAK)
2 - Alexis Lafreniere (HFD)
3 - Taylor Hall (HFD)
Power Play
Los Angeles Kings - 0 on 6 Attempt(s) - 0.00%
Hartford Whalers - 0 on 1 Attempt(s) - 0.00%
Penalty Kill
Los Angeles Kings - 1 on 1 Attempt(s) - 100.00%
- Score 0 goal in Penalty Kill
Hartford Whalers - 6 on 6 Attempt(s) - 100.00%
- Score 0 goal in Penalty Kill
Team Stat
Los Angeles Kings - Hits : 21 - Faceoff Wins : 25 - Blocked Shots : 7 - Penalty Minutes : 12
Hartford Whalers - Hits : 20 - Faceoff Wins : 37 - Blocked Shots : 9 - Penalty Minutes : 22
Official
Referees : Dave Jackson and Jacob Brenk
Linesman : Thor Nelson and Mike Cvik
Game Notes
Marcus Foligno and Peyton Krebs fight to a draw at 10:35 of 1st period
John Hayden and Nicklas Backstrom fight to a draw at 0:37 of 2nd period
Finance
Level 1 -- Attendance: 4800 (48.00%) -- Ticket Income $480,000
Level 2 -- Attendance: 3812 (76.24%) -- Ticket Income $228,720
Level 3 -- Attendance: 2052 (68.40%) -- Ticket Income $71,820
Level 4 -- Attendance: 3485 (69.70%) -- Ticket Income $87,125
Luxury Box -- Attendance: 794 (79.40%) -- Ticket Income $158,800
Game was played at the Hartford Civic Center.
Total Attendance: 14943 (62.26%)
Total Ticket Income: $1,026,465
Other Income: $359,263
Total Income: $1,385,728
Los Angeles Kings
5 vs 5 Forward
Center Left Wing Right Wing Time % Phy DF OF
1 Kirby Dach Andrei Svechnikov Andrei Kuzmenko 30 1 2 2
2 Nicklas Backstrom Seth Jarvis Peyton Krebs 30 1 2 2
3 Cooper Marody Alexander Radulov Ryan Reaves 25 1 2 2
4 Erik Brannstrom Vitali Kravtsov Jakub Zboril 15 1 2 2
5 vs 5 Defense
Defense Defense Time % Phy DF OF
1 K'Andre Miller Alexander Romanov 35 1 2 2
2 Noah Dobson Owen Power 35 1 2 2
3 Joshua Brown Rasmus Sandin 30 1 2 2
4 K'Andre Miller Alexander Romanov 0 1 2 2
PowerPlay Forward
Center Left Wing Right Wing Time % Phy DF OF
1 Kirby Dach Andrei Kuzmenko Cooper Marody 50 1 2 2
2 Nicklas Backstrom Seth Jarvis Ryan Reaves 50 1 2 2
PowerPlay Defense
Defense Defense Time % Phy DF OF
1 K'Andre Miller Alexander Romanov 50 1 2 2
2 Noah Dobson Owen Power 50 1 2 2
Penalty Kill 4 Players Forward
Center Wing Time % Phy DF OF
1 Alexander Radulov Nicklas Backstrom 50 1 2 2
2 Kirby Dach Andrei Kuzmenko 50 1 2 2
Penalty Kill 4 Players Defense
Defense Defense Time % Phy DF OF
1 K'Andre Miller Alexander Romanov 50 1 2 2
2 Noah Dobson Owen Power 50 1 2 2
Penalty Kill - 3 Players Forward
Forward Time % Phy DF OF
1 Nicklas Backstrom 50 1 2 2
2 Kirby Dach 50 1 2 2
Penalty Kill - 3 Players Defense
Defense Defense Time % Phy DF OF
1 K'Andre Miller Alexander Romanov 50 1 2 2
2 Noah Dobson Owen Power 50 1 2 2
4 vs 4 Forward
Center Wing Time % Phy DF OF
1 Seth Jarvis Andrei Svechnikov 50 1 2 2
2 Kirby Dach Nicklas Backstrom 50 1 2 2
4 vs 4 Defense
Defense Defense Time % Phy DF OF
1 K'Andre Miller Alexander Romanov 50 1 2 2
2 Noah Dobson Owen Power 50 1 2 2
Last Minutes Offensive
Center Left Wing Right Wing Defense Defense
Kirby Dach Andrei Svechnikov Andrei Kuzmenko K'Andre Miller Alexander Romanov
Last Minutes Defensive
Center Left Wing Right Wing Defense Defense
Kirby Dach Andrei Svechnikov Andrei Kuzmenko K'Andre Miller Alexander Romanov
Goaltenders
Starting : John Gibson
Backup : Jonas Johansson
Extra Forwards
Normal : Kirby Dach, Ryan Reaves, Cooper Marody - PP : Kirby Dach, Ryan Reaves - PK : Cooper Marody
Extra Defensemen
Normal : Joshua Brown, Rasmus Sandin, Erik Brannstrom - PP : Joshua Brown - PK : Rasmus Sandin, Erik Brannstrom
Penalty Shots
Andrei Kuzmenko, Cooper Marody, Kirby Dach, Nicklas Backstrom, Seth Jarvis
Hartford Whalers
5 vs 5 Forward
Center Left Wing Right Wing Time % Phy DF OF
1 Alexander Wennberg Taylor Hall Josh Anderson 30 1 2 2
2 Casey Cizikas Marcus Foligno Alexis Lafreniere 30 1 2 2
3 Joshua Norris Anthony Mantha John Hayden 25 1 2 2
4 Lukas Reichel Mark Kastelic Haydn Fleury 15 1 2 2
5 vs 5 Defense
Defense Defense Time % Phy DF OF
1 Jaccob Slavin Thomas Chabot 35 1 2 2
2 Trevor van Riemsdyk Alec Martinez 35 1 2 2
3 Torey Krug Connor Clifton 30 1 2 2
4 Jaccob Slavin Thomas Chabot 0 1 2 2
PowerPlay Forward
Center Left Wing Right Wing Time % Phy DF OF
1 Alexander Wennberg Taylor Hall Josh Anderson 50 1 2 2
2 Casey Cizikas Marcus Foligno Alexis Lafreniere 50 1 2 2
PowerPlay Defense
Defense Defense Time % Phy DF OF
1 Jaccob Slavin Thomas Chabot 50 1 2 2
2 Trevor van Riemsdyk Alec Martinez 50 1 2 2
Penalty Kill 4 Players Forward
Center Wing Time % Phy DF OF
1 Alexander Wennberg Taylor Hall 50 1 2 2
2 Josh Anderson Casey Cizikas 50 1 2 2
Penalty Kill 4 Players Defense
Defense Defense Time % Phy DF OF
1 Jaccob Slavin Thomas Chabot 50 1 2 2
2 Trevor van Riemsdyk Alec Martinez 50 1 2 2
Penalty Kill - 3 Players Forward
Forward Time % Phy DF OF
1 Alexander Wennberg 50 1 2 2
2 Taylor Hall 50 1 2 2
Penalty Kill - 3 Players Defense
Defense Defense Time % Phy DF OF
1 Jaccob Slavin Thomas Chabot 50 1 2 2
2 Trevor van Riemsdyk Alec Martinez 50 1 2 2
4 vs 4 Forward
Center Wing Time % Phy DF OF
1 Alexander Wennberg Taylor Hall 50 1 2 2
2 Josh Anderson Casey Cizikas 50 1 2 2
4 vs 4 Defense
Defense Defense Time % Phy DF OF
1 Jaccob Slavin Thomas Chabot 50 1 2 2
2 Trevor van Riemsdyk Alec Martinez 50 1 2 2
Last Minutes Offensive
Center Left Wing Right Wing Defense Defense
Alexander Wennberg Taylor Hall Josh Anderson Jaccob Slavin Thomas Chabot
Last Minutes Defensive
Center Left Wing Right Wing Defense Defense
Alexander Wennberg Taylor Hall Josh Anderson Jaccob Slavin Thomas Chabot
Goaltenders
Starting : Anton Forsberg
Backup : Logan Thompson
Extra Forwards
Normal : Mark Kastelic, Joshua Norris, Anthony Mantha - PP : Mark Kastelic, Joshua Norris - PK : Anthony Mantha
Extra Defensemen
Normal : Torey Krug, Connor Clifton, Haydn Fleury - PP : Torey Krug - PK : Connor Clifton, Haydn Fleury
Penalty Shots
Alexander Wennberg, Taylor Hall, Josh Anderson, Casey Cizikas, Marcus Foligno
% Time on Ice - Los Angeles Kings
Lines # - Real PCT - Wanted PCT - Time Play
Normal Forward
1 - 28% - 30% - 13:06
2 - 28% - 30% - 12:53
3 - 22% - 25% - 10:13
4 - 22% - 15% - 9:55
Normal Defense
1 - 35% - 35% - 16:22
2 - 36% - 35% - 16:37
3 - 28% - 30% - 13:08
4 - 0% - 0% - 0:00
PP Forward
1 - 51% - 50% - 6:01
2 - 49% - 50% - 5:53
PP Defense
1 - 51% - 50% - 6:03
2 - 49% - 50% - 5:51
PK Forward
1 - 54% - 50% - 1:04
2 - 46% - 50% - 0:55
PK Defense
1 - 42% - 50% - 0:50
2 - 58% - 50% - 1:09
PK3 Forward
1 - 0% - 50%
2 - 0% - 50%
PK3 Defense
1 - 0% - 50%
2 - 0% - 50%
44 Forward
1 - 0% - 50%
2 - 0% - 50%
44 Defense
1 - 0% - 50%
2 - 0% - 50%
Last Minute Offensive - 0:00
Last Minute Defensive - 0:00
Total
Forward - 60:00
Defense - 60:00
|
% Time on Ice - Hartford Whalers
Lines # - Real PCT - Wanted PCT - Time Play
Normal Forward
1 - 29% - 30% - 13:24
2 - 27% - 30% - 12:30
3 - 27% - 25% - 12:25
4 - 17% - 15% - 7:48
Normal Defense
1 - 35% - 35% - 16:18
2 - 35% - 35% - 16:16
3 - 28% - 30% - 12:50
4 - 2% - 0% - 0:43
PP Forward
1 - 45% - 50% - 0:53
2 - 55% - 50% - 1:06
PP Defense
1 - 40% - 50% - 0:48
2 - 60% - 50% - 1:11
PK Forward
1 - 52% - 50% - 6:09
2 - 48% - 50% - 5:45
PK Defense
1 - 50% - 50% - 5:55
2 - 50% - 50% - 5:59
PK3 Forward
1 - 0% - 50%
2 - 0% - 50%
PK3 Defense
1 - 0% - 50%
2 - 0% - 50%
44 Forward
1 - 0% - 50%
2 - 0% - 50%
44 Defense
1 - 0% - 50%
2 - 0% - 50%
Last Minute Offensive - 0:00
Last Minute Defensive - 0:00
Total
Forward - 60:00
Defense - 60:00
|
Play-by-Play
1st period
0:01 of 1st period - Alexander Wennberg wins face-off versus Kirby Dach in neutral zone.
0:10 of 1st period - Snap shot by Alexander Wennberg.
0:10 of 1st period - Shot Misses the Net.
0:12 of 1st period - Snap shot by Alexander Wennberg.
0:12 of 1st period - Stopped by John Gibson without a rebound.
0:13 of 1st period - Casey Cizikas wins face-off versus Nicklas Backstrom in Los Angeles Kings zone.
1:16 of 1st period - Slapshot by Andrei Svechnikov.
1:16 of 1st period - Shot Misses the Net.
1:35 of 1st period - Off-side.
1:36 of 1st period - Nicklas Backstrom wins face-off versus Alexander Wennberg in neutral zone.
1:45 of 1st period - Wrist shot by Nicklas Backstrom.
1:45 of 1st period - Stopped by Anton Forsberg with a rebound.
1:53 of 1st period - K'Andre Miller is hit by Josh Anderson and loses puck.
2:16 of 1st period - Snap shot by Cooper Marody.
2:16 of 1st period - Deflect By Ryan Reaves.
2:16 of 1st period - Shot Blocked by Jaccob Slavin.
2:16 of 1st period - Puck is out of play.
2:17 of 1st period - Haydn Fleury wins face-off versus Kirby Dach in Hartford Whalers zone.
2:32 of 1st period - Wrist shot by Mark Kastelic.
2:32 of 1st period - Shot Misses the Net.
2:42 of 1st period - Noah Dobson is hit by Marcus Foligno and loses puck.
2:51 of 1st period - Casey Cizikas is hit by Andrei Svechnikov and loses puck.
3:38 of 1st period - Wrist shot by Seth Jarvis.
3:38 of 1st period - Stopped by Anton Forsberg without a rebound.
3:39 of 1st period - Erik Brannstrom wins face-off versus Casey Cizikas in Hartford Whalers zone.
3:51 of 1st period - Icing by Thomas Chabot.
3:52 of 1st period - Casey Cizikas wins face-off versus Nicklas Backstrom in Hartford Whalers zone.
3:57 of 1st period - Slapshot by Thomas Chabot.
3:57 of 1st period - Shot Misses the Net.
4:13 of 1st period - Slapshot by Thomas Chabot.
4:13 of 1st period - Stopped by John Gibson with a rebound.
4:15 of 1st period - Wrist shot by Thomas Chabot.
4:15 of 1st period - Stopped by John Gibson without a rebound.
4:16 of 1st period - Cooper Marody wins face-off versus Alexander Wennberg in Los Angeles Kings zone.
4:41 of 1st period - Snap shot by Joshua Norris.
4:41 of 1st period - Deflect By Anthony Mantha.
4:41 of 1st period - Shot Misses the Net.
4:41 of 1st period - Puck is out of play.
4:42 of 1st period - Joshua Norris wins face-off versus Erik Brannstrom in Los Angeles Kings zone.
4:45 of 1st period - Wrist shot by Joshua Norris.
4:45 of 1st period - Stopped by John Gibson with a rebound.
5:50 of 1st period - Snap shot by Alexis Lafreniere.
5:50 of 1st period - Shot Misses the Net.
5:52 of 1st period - Slapshot by Marcus Foligno.
5:52 of 1st period - Stopped by John Gibson with a rebound.
6:28 of 1st period - Wrist shot by Andrei Kuzmenko.
6:28 of 1st period - Goal by Andrei Kuzmenko - Los Angeles Kings : 1 - Hartford Whalers : 0.
6:29 of 1st period - Alexander Wennberg wins face-off versus Nicklas Backstrom in neutral zone.
6:46 of 1st period - Owen Power is hit by Josh Anderson and loses puck.
6:57 of 1st period - Owen Power is hit by Casey Cizikas and loses puck.
7:22 of 1st period - Snap shot by Andrei Svechnikov.
7:22 of 1st period - Shot Misses the Net.
8:26 of 1st period - Alec Martinez is hit by Andrei Svechnikov and loses puck.
8:31 of 1st period - Snap shot by Andrei Kuzmenko.
8:31 of 1st period - Shot Misses the Net.
8:33 of 1st period - Snap shot by Andrei Svechnikov.
8:33 of 1st period - Goal by Andrei Svechnikov - Los Angeles Kings : 2 - Hartford Whalers : 0.
8:34 of 1st period - Kirby Dach wins face-off versus Josh Anderson in neutral zone.
9:24 of 1st period - Haydn Fleury is hit by Vitali Kravtsov and loses puck.
9:47 of 1st period - Wrist shot by Joshua Norris.
9:47 of 1st period - Shot Misses the Net.
9:49 of 1st period - Slapshot by Anthony Mantha.
9:49 of 1st period - Shot Misses the Net.
10:06 of 1st period - Off-side.
10:07 of 1st period - Alexander Wennberg wins face-off versus Kirby Dach in neutral zone.
10:10 of 1st period - Snap shot by Josh Anderson.
10:10 of 1st period - Shot Misses the Net.
10:28 of 1st period - Wrist shot by Andrei Kuzmenko.
10:28 of 1st period - Stopped by Anton Forsberg with a rebound.
10:30 of 1st period - Slapshot by Joshua Brown.
10:30 of 1st period - Stopped by Anton Forsberg without a rebound.
10:31 of 1st period - Casey Cizikas wins face-off versus Nicklas Backstrom in Hartford Whalers zone.
10:35 of 1st period - Marcus Foligno and Peyton Krebs fight to a draw.
10:35 of 1st period - Penalty to Marcus Foligno for Fighting.
10:35 of 1st period - Penalty to Peyton Krebs for Fighting.
10:36 of 1st period - Nicklas Backstrom wins face-off versus Casey Cizikas in Los Angeles Kings zone.
10:43 of 1st period - Slapshot by Kirby Dach.
10:43 of 1st period - Stopped by Anton Forsberg with a rebound.
11:26 of 1st period - Slapshot by Erik Brannstrom.
11:26 of 1st period - Deflect By Vitali Kravtsov.
11:26 of 1st period - Shot Misses the Net.
11:26 of 1st period - Puck is out of play.
11:27 of 1st period - Joshua Norris wins face-off versus Erik Brannstrom in Hartford Whalers zone.
11:42 of 1st period - Slapshot by Vitali Kravtsov.
11:42 of 1st period - Stopped by Anton Forsberg without a rebound.
11:43 of 1st period - Casey Cizikas wins face-off versus Kirby Dach in Hartford Whalers zone.
11:52 of 1st period - Snap shot by Andrei Svechnikov.
11:52 of 1st period - Stopped by Anton Forsberg with a rebound.
11:54 of 1st period - Slapshot by K'Andre Miller.
11:54 of 1st period - Shot Blocked by Trevor van Riemsdyk.
11:58 of 1st period - Snap shot by Andrei Svechnikov.
11:58 of 1st period - Stopped by Anton Forsberg with a rebound.
12:27 of 1st period - Snap shot by Alexis Lafreniere.
12:27 of 1st period - Shot Blocked by Kirby Dach.
12:48 of 1st period - Wrist shot by Joshua Norris.
12:48 of 1st period - Shot Misses the Net.
12:50 of 1st period - Minor Penalty to Cooper Marody for Hooking.
12:51 of 1st period - Alexander Wennberg wins face-off versus Alexander Radulov in Los Angeles Kings zone.
12:54 of 1st period - Snap shot by Taylor Hall.
12:54 of 1st period - Stopped by John Gibson without a rebound.
12:55 of 1st period - Alexander Radulov wins face-off versus Taylor Hall in Los Angeles Kings zone.
13:17 of 1st period - Snap shot by Alexis Lafreniere.
13:17 of 1st period - Deflect By Mark Kastelic.
13:17 of 1st period - Stopped by John Gibson with a rebound.
14:50 of 1st period - Penalty to Cooper Marody is over, Cooper Marody is back on ice.
15:15 of 1st period - Haydn Fleury is hit by Ryan Reaves and loses puck.
16:20 of 1st period - Alexander Radulov is hit by Joshua Norris.
16:30 of 1st period - Owen Power is hit by Marcus Foligno and loses puck.
17:38 of 1st period - Noah Dobson is hit by John Hayden and loses puck.
18:33 of 1st period - Backhand shot by Alexander Wennberg.
18:33 of 1st period - Shot Misses the Net.
18:55 of 1st period - Wrist shot by Cooper Marody.
18:55 of 1st period - Deflect By Mark Kastelic.
18:55 of 1st period - Shot Misses the Net.
18:55 of 1st period - Puck is out of play.
18:56 of 1st period - Kirby Dach wins face-off versus Haydn Fleury in Hartford Whalers zone.
19:01 of 1st period - Wrist shot by Andrei Svechnikov.
19:01 of 1st period - Goal by Andrei Svechnikov - Los Angeles Kings : 3 - Hartford Whalers : 0.
19:02 of 1st period - Alexander Wennberg wins face-off versus Kirby Dach in neutral zone.
19:11 of 1st period - Off-side.
19:12 of 1st period - Alexander Wennberg wins face-off versus Kirby Dach in neutral zone.
Goals for this period are 3 for Los Angeles Kings vs 0 for Hartford Whalers.
Shots for this period are 11 for Los Angeles Kings vs 7 for Hartford Whalers.
2nd period
0:01 of 2nd period - Nicklas Backstrom wins face-off versus Casey Cizikas in neutral zone.
0:36 of 2nd period - Snap shot by Alexander Radulov.
0:36 of 2nd period - Deflect By Cooper Marody.
0:36 of 2nd period - Stopped by Anton Forsberg without a rebound.
0:37 of 2nd period - Nicklas Backstrom wins face-off versus Joshua Norris in Hartford Whalers zone.
0:37 of 2nd period - John Hayden and Nicklas Backstrom fight to a draw.
0:37 of 2nd period - Penalty to John Hayden for Fighting.
0:37 of 2nd period - Penalty to Nicklas Backstrom for Fighting.
0:38 of 2nd period - Mark Kastelic wins face-off versus Seth Jarvis in Hartford Whalers zone.
1:08 of 2nd period - Alexander Romanov is hit by Joshua Norris and loses puck.
1:15 of 2nd period - Slapshot by Joshua Norris.
1:15 of 2nd period - Stopped by John Gibson with a rebound.
1:17 of 2nd period - Wrist shot by Anthony Mantha.
1:17 of 2nd period - Shot Misses the Net.
1:19 of 2nd period - Snap shot by Joshua Norris.
1:19 of 2nd period - Deflect By Anthony Mantha.
1:19 of 2nd period - Shot Blocked by K'Andre Miller.
1:19 of 2nd period - Puck is out of play.
1:20 of 2nd period - Alexander Wennberg wins face-off versus Kirby Dach in Los Angeles Kings zone.
1:29 of 2nd period - Snap shot by Alexander Wennberg.
1:29 of 2nd period - Goal by Alexander Wennberg - Los Angeles Kings : 3 - Hartford Whalers : 1.
1:30 of 2nd period - Casey Cizikas wins face-off versus Kirby Dach in neutral zone.
1:45 of 2nd period - Wrist shot by Marcus Foligno.
1:45 of 2nd period - Goal by Marcus Foligno - Los Angeles Kings : 3 - Hartford Whalers : 2.
1:46 of 2nd period - Alexander Wennberg wins face-off versus Kirby Dach in neutral zone.
1:57 of 2nd period - Slapshot by Taylor Hall.
1:57 of 2nd period - Stopped by John Gibson without a rebound.
1:58 of 2nd period - Kirby Dach wins face-off versus Casey Cizikas in Los Angeles Kings zone.
2:13 of 2nd period - Snap shot by Seth Jarvis.
2:13 of 2nd period - Stopped by Anton Forsberg with a rebound.
2:29 of 2nd period - Snap shot by Ryan Reaves.
2:29 of 2nd period - Stopped by Anton Forsberg with a rebound.
2:31 of 2nd period - Slapshot by Alexander Romanov.
2:31 of 2nd period - Deflect By Thomas Chabot.
2:31 of 2nd period - Stopped by Anton Forsberg with a rebound.
3:04 of 2nd period - Vitali Kravtsov is hit by Mark Kastelic and loses puck.
3:43 of 2nd period - Wrist shot by Alexander Wennberg.
3:43 of 2nd period - Stopped by John Gibson without a rebound.
3:44 of 2nd period - Ryan Reaves wins face-off versus Taylor Hall in Los Angeles Kings zone.
3:51 of 2nd period - Snap shot by Seth Jarvis.
3:51 of 2nd period - Shot Misses the Net.
4:01 of 2nd period - Snap shot by Alexander Wennberg.
4:01 of 2nd period - Shot Misses the Net.
4:03 of 2nd period - Backhand shot by Alec Martinez.
4:03 of 2nd period - Shot Misses the Net.
4:51 of 2nd period - Wrist shot by Seth Jarvis.
4:51 of 2nd period - Shot Misses the Net.
4:57 of 2nd period - Slapshot by Noah Dobson.
4:57 of 2nd period - Stopped by Anton Forsberg with a rebound.
5:09 of 2nd period - Wrist shot by Taylor Hall.
5:09 of 2nd period - Shot Misses the Net.
5:11 of 2nd period - Slapshot by Taylor Hall.
5:11 of 2nd period - Shot Blocked by Owen Power.
5:13 of 2nd period - Snap shot by Josh Anderson.
5:13 of 2nd period - Shot Misses the Net.
5:15 of 2nd period - Wrist shot by Alexander Wennberg.
5:15 of 2nd period - Stopped by John Gibson without a rebound.
5:16 of 2nd period - Joshua Norris wins face-off versus Kirby Dach in Los Angeles Kings zone.
5:25 of 2nd period - Anthony Mantha is hit by Andrei Kuzmenko and loses puck.
7:11 of 2nd period - Alec Martinez is hit by Erik Brannstrom and loses puck.
7:48 of 2nd period - Minor Penalty to John Hayden for Hooking.
7:49 of 2nd period - Alexander Wennberg wins face-off versus Kirby Dach in Hartford Whalers zone.
8:36 of 2nd period - Alec Martinez is hit by Kirby Dach and loses puck.
8:47 of 2nd period - Noah Dobson is hit by Alec Martinez and loses puck.
9:48 of 2nd period - Penalty to John Hayden is over, John Hayden is back on ice.
9:55 of 2nd period - Lukas Reichel is hit by Jakub Zboril and loses puck.
10:37 of 2nd period - Thomas Chabot is hit by Alexander Romanov.
11:47 of 2nd period - Noah Dobson is hit by Connor Clifton and loses puck.
11:54 of 2nd period - Wrist shot by Joshua Norris.
11:54 of 2nd period - Shot Misses the Net.
12:15 of 2nd period - Nicklas Backstrom is hit by Josh Anderson and loses puck.
12:49 of 2nd period - Slapshot by Rasmus Sandin.
12:49 of 2nd period - Stopped by Anton Forsberg with a rebound.
12:51 of 2nd period - Slapshot by Rasmus Sandin.
12:51 of 2nd period - Deflect By Mark Kastelic.
12:51 of 2nd period - Stopped by Anton Forsberg without a rebound.
12:52 of 2nd period - Lukas Reichel wins face-off versus Erik Brannstrom in Hartford Whalers zone.
12:59 of 2nd period - Slapshot by Torey Krug.
12:59 of 2nd period - Deflect By Erik Brannstrom.
12:59 of 2nd period - Stopped by John Gibson with a rebound.
13:05 of 2nd period - Wrist shot by Vitali Kravtsov.
13:05 of 2nd period - Stopped by Anton Forsberg without a rebound.
13:06 of 2nd period - Cooper Marody wins face-off versus Casey Cizikas in Hartford Whalers zone.
13:40 of 2nd period - Snap shot by Andrei Kuzmenko.
13:40 of 2nd period - Stopped by Anton Forsberg with a rebound.
13:42 of 2nd period - Wrist shot by Andrei Kuzmenko.
13:42 of 2nd period - Stopped by Anton Forsberg without a rebound.
13:43 of 2nd period - Peyton Krebs wins face-off versus Casey Cizikas in Hartford Whalers zone.
13:51 of 2nd period - Minor Penalty to Connor Clifton for Hooking.
13:52 of 2nd period - Nicklas Backstrom wins face-off versus Josh Anderson in Hartford Whalers zone.
13:56 of 2nd period - Snap shot by Seth Jarvis.
13:56 of 2nd period - Shot Misses the Net.
14:08 of 2nd period - Slapshot by Seth Jarvis.
14:08 of 2nd period - Stopped by Anton Forsberg with a rebound.
14:18 of 2nd period - Andrei Kuzmenko is hit by Trevor van Riemsdyk and loses puck.
15:51 of 2nd period - Penalty to Connor Clifton is over, Connor Clifton is back on ice.
15:51 of 2nd period - Jaccob Slavin is hit by Owen Power and loses puck.
15:56 of 2nd period - Backhand shot by Andrei Svechnikov.
15:56 of 2nd period - Stopped by Anton Forsberg without a rebound.
15:57 of 2nd period - Joshua Norris wins face-off versus Peyton Krebs in Hartford Whalers zone.
16:14 of 2nd period - John Hayden is hit by Rasmus Sandin and loses puck.
16:25 of 2nd period - Snap shot by Peyton Krebs.
16:25 of 2nd period - Shot Misses the Net.
16:27 of 2nd period - Slapshot by Rasmus Sandin.
16:27 of 2nd period - Shot Misses the Net.
16:29 of 2nd period - Wrist shot by Alexander Radulov.
16:29 of 2nd period - Shot Misses the Net.
16:31 of 2nd period - Slapshot by Rasmus Sandin.
16:31 of 2nd period - Stopped by Anton Forsberg with a rebound.
16:33 of 2nd period - Snap shot by Alexander Radulov.
16:33 of 2nd period - Stopped by Anton Forsberg with a rebound.
16:35 of 2nd period - Snap shot by Alexander Radulov.
16:35 of 2nd period - Goal by Alexander Radulov - Los Angeles Kings : 4 - Hartford Whalers : 2.
16:36 of 2nd period - Kirby Dach wins face-off versus Alexander Wennberg in neutral zone.
16:45 of 2nd period - Wrist shot by Andrei Kuzmenko.
16:45 of 2nd period - Stopped by Anton Forsberg without a rebound.
16:46 of 2nd period - Taylor Hall wins face-off versus Kirby Dach in Hartford Whalers zone.
16:59 of 2nd period - Wrist shot by Kirby Dach.
16:59 of 2nd period - Shot Blocked by Jaccob Slavin.
17:01 of 2nd period - Slapshot by Andrei Svechnikov.
17:01 of 2nd period - Stopped by Anton Forsberg with a rebound.
17:03 of 2nd period - Wrist shot by Noah Dobson.
17:03 of 2nd period - Shot Blocked by Jaccob Slavin.
17:05 of 2nd period - Snap shot by Noah Dobson.
17:05 of 2nd period - Shot Misses the Net.
17:07 of 2nd period - Slapshot by Owen Power.
17:07 of 2nd period - Shot Blocked by Thomas Chabot.
17:29 of 2nd period - Wrist shot by Andrei Svechnikov.
17:29 of 2nd period - Deflect By Thomas Chabot.
17:29 of 2nd period - Stopped by Anton Forsberg with a rebound.
17:31 of 2nd period - Backhand shot by Kirby Dach.
17:31 of 2nd period - Deflect By Andrei Svechnikov.
17:31 of 2nd period - Stopped by Anton Forsberg with a rebound.
17:33 of 2nd period - Slapshot by Noah Dobson.
17:33 of 2nd period - Stopped by Anton Forsberg without a rebound.
17:34 of 2nd period - Casey Cizikas wins face-off versus Cooper Marody in Hartford Whalers zone.
18:24 of 2nd period - Trevor van Riemsdyk is hit by Vitali Kravtsov and loses puck.
18:55 of 2nd period - Snap shot by Alexander Wennberg.
18:55 of 2nd period - Stopped by John Gibson with a rebound.
18:57 of 2nd period - Wrist shot by Josh Anderson.
18:57 of 2nd period - Stopped by John Gibson with a rebound.
19:15 of 2nd period - Wrist shot by Noah Dobson.
19:15 of 2nd period - Shot Blocked by Lukas Reichel.
19:17 of 2nd period - Slapshot by Seth Jarvis.
19:17 of 2nd period - Stopped by Anton Forsberg without a rebound.
19:18 of 2nd period - Kirby Dach wins face-off versus Marcus Foligno in Hartford Whalers zone.
19:22 of 2nd period - Minor Penalty to Torey Krug for Tripping.
19:23 of 2nd period - Nicklas Backstrom wins face-off versus Josh Anderson in Hartford Whalers zone.
19:49 of 2nd period - Kirby Dach is hit by Jaccob Slavin and loses puck.
Goals for this period are 1 for Los Angeles Kings vs 2 for Hartford Whalers.
Shots for this period are 21 for Los Angeles Kings vs 9 for Hartford Whalers.
3rd period
0:01 of 3rd period - Nicklas Backstrom wins face-off versus Josh Anderson in neutral zone.
0:32 of 3rd period - Wrist shot by Alexander Wennberg.
0:32 of 3rd period - Stopped by John Gibson with a rebound.
1:22 of 3rd period - Penalty to Torey Krug is over, Torey Krug is back on ice.
1:23 of 3rd period - Icing by Noah Dobson.
1:24 of 3rd period - Nicklas Backstrom wins face-off versus Joshua Norris in Los Angeles Kings zone.
1:50 of 3rd period - Slapshot by Thomas Chabot.
1:50 of 3rd period - Shot Blocked by Noah Dobson.
1:52 of 3rd period - Wrist shot by Lukas Reichel.
1:52 of 3rd period - Stopped by John Gibson with a rebound.
2:12 of 3rd period - Wrist shot by Kirby Dach.
2:12 of 3rd period - Shot Misses the Net.
2:14 of 3rd period - Wrist shot by Kirby Dach.
2:14 of 3rd period - Stopped by Anton Forsberg without a rebound.
2:15 of 3rd period - Cooper Marody wins face-off versus Alexander Wennberg in Hartford Whalers zone.
2:26 of 3rd period - Wrist shot by Taylor Hall.
2:26 of 3rd period - Goal by Taylor Hall - Los Angeles Kings : 4 - Hartford Whalers : 3.
2:27 of 3rd period - Casey Cizikas wins face-off versus Kirby Dach in neutral zone.
2:33 of 3rd period - Wrist shot by Torey Krug.
2:33 of 3rd period - Shot Blocked by Kirby Dach.
2:35 of 3rd period - Slapshot by Connor Clifton.
2:35 of 3rd period - Goal by Connor Clifton - Los Angeles Kings : 4 - Hartford Whalers : 4.
2:36 of 3rd period - Casey Cizikas wins face-off versus Cooper Marody in neutral zone.
2:43 of 3rd period - Backhand shot by Alexander Radulov.
2:43 of 3rd period - Stopped by Anton Forsberg with a rebound.
2:45 of 3rd period - Slapshot by Alexander Radulov.
2:45 of 3rd period - Shot Misses the Net.
2:47 of 3rd period - Snap shot by Cooper Marody.
2:47 of 3rd period - Deflect By Alexander Radulov.
2:47 of 3rd period - Stopped by Anton Forsberg with a rebound.
2:49 of 3rd period - Snap shot by Cooper Marody.
2:49 of 3rd period - Stopped by Anton Forsberg with a rebound.
3:17 of 3rd period - Icing by Trevor van Riemsdyk.
3:18 of 3rd period - Joshua Norris wins face-off versus Nicklas Backstrom in Hartford Whalers zone.
3:18 of 3rd period - Joshua Norris is hit by Joshua Brown.
3:31 of 3rd period - Slapshot by Seth Jarvis.
3:31 of 3rd period - Stopped by Anton Forsberg with a rebound.
3:33 of 3rd period - Snap shot by Nicklas Backstrom.
3:33 of 3rd period - Shot Blocked by Trevor van Riemsdyk.
3:47 of 3rd period - Slapshot by Ryan Reaves.
3:47 of 3rd period - Deflect By Alexander Radulov.
3:47 of 3rd period - Shot Blocked by Trevor van Riemsdyk.
3:47 of 3rd period - Puck is out of play.
3:48 of 3rd period - Cooper Marody wins face-off versus Casey Cizikas in Hartford Whalers zone.
4:53 of 3rd period - K'Andre Miller is hit by Thomas Chabot and loses puck.
5:28 of 3rd period - Icing by Jakub Zboril.
5:29 of 3rd period - Alexander Wennberg wins face-off versus Erik Brannstrom in Los Angeles Kings zone.
5:57 of 3rd period - Off-side.
5:58 of 3rd period - Casey Cizikas wins face-off versus Andrei Kuzmenko in neutral zone.
6:25 of 3rd period - Slapshot by Alexis Lafreniere.
6:25 of 3rd period - Goal by Alexis Lafreniere - Los Angeles Kings : 4 - Hartford Whalers : 5.
6:26 of 3rd period - Taylor Hall wins face-off versus Andrei Kuzmenko in neutral zone.
6:45 of 3rd period - Minor Penalty to Taylor Hall for Tripping.
6:46 of 3rd period - Alexander Wennberg wins face-off versus Kirby Dach in Hartford Whalers zone.
6:59 of 3rd period - Trevor van Riemsdyk is hit by Owen Power and loses puck.
7:12 of 3rd period - Casey Cizikas is hit by Ryan Reaves and loses puck.
7:21 of 3rd period - Snap shot by Seth Jarvis.
7:21 of 3rd period - Shot Misses the Net.
7:35 of 3rd period - Wrist shot by Alexander Wennberg.
7:35 of 3rd period - Shot Misses the Net.
7:37 of 3rd period - Slapshot by Alec Martinez.
7:37 of 3rd period - Stopped by John Gibson with a rebound.
8:11 of 3rd period - Jaccob Slavin is hit by Cooper Marody.
8:45 of 3rd period - Penalty to Taylor Hall is over, Taylor Hall is back on ice.
9:02 of 3rd period - Haydn Fleury is hit by Jakub Zboril and loses puck.
9:39 of 3rd period - Icing by Rasmus Sandin.
9:40 of 3rd period - Alexander Wennberg wins face-off versus Ryan Reaves in Los Angeles Kings zone.
10:03 of 3rd period - Slapshot by Noah Dobson.
10:03 of 3rd period - Stopped by Anton Forsberg with a rebound.
10:19 of 3rd period - Slapshot by Jaccob Slavin.
10:19 of 3rd period - Stopped by John Gibson with a rebound.
10:29 of 3rd period - Minor Penalty to Thomas Chabot for Boarding.
10:30 of 3rd period - Nicklas Backstrom wins face-off versus Josh Anderson in Hartford Whalers zone.
10:41 of 3rd period - Trevor van Riemsdyk is hit by Nicklas Backstrom and loses puck.
10:56 of 3rd period - Kirby Dach is hit by Casey Cizikas.
12:29 of 3rd period - Penalty to Thomas Chabot is over, Thomas Chabot is back on ice.
12:36 of 3rd period - Slapshot by Rasmus Sandin.
12:36 of 3rd period - Stopped by Anton Forsberg without a rebound.
12:37 of 3rd period - Joshua Norris wins face-off versus Erik Brannstrom in Hartford Whalers zone.
12:37 of 3rd period - Joshua Norris is hit by Erik Brannstrom.
13:03 of 3rd period - Mark Kastelic is hit by Joshua Brown.
13:34 of 3rd period - Wrist shot by Alexis Lafreniere.
13:34 of 3rd period - Deflect By Noah Dobson.
13:34 of 3rd period - Shot Blocked by Noah Dobson.
13:34 of 3rd period - Puck is out of play.
13:35 of 3rd period - Alexander Wennberg wins face-off versus Kirby Dach in Los Angeles Kings zone.
13:48 of 3rd period - Snap shot by Kirby Dach.
13:48 of 3rd period - Shot Blocked by Taylor Hall.
13:50 of 3rd period - Snap shot by Noah Dobson.
13:50 of 3rd period - Stopped by Anton Forsberg with a rebound.
14:00 of 3rd period - Cooper Marody is hit by Alexis Lafreniere and loses puck.
14:33 of 3rd period - Nicklas Backstrom is hit by Jaccob Slavin.
14:37 of 3rd period - Slapshot by Noah Dobson.
14:37 of 3rd period - Deflect By Thomas Chabot.
14:37 of 3rd period - Stopped by Anton Forsberg without a rebound.
14:38 of 3rd period - Kirby Dach wins face-off versus Taylor Hall in Hartford Whalers zone.
15:08 of 3rd period - Wrist shot by Seth Jarvis.
15:08 of 3rd period - Shot Misses the Net.
15:10 of 3rd period - Backhand shot by K'Andre Miller.
15:10 of 3rd period - Deflect By Nicklas Backstrom.
15:10 of 3rd period - Stopped by Anton Forsberg without a rebound.
15:11 of 3rd period - Joshua Norris wins face-off versus Cooper Marody in Hartford Whalers zone.
15:11 of 3rd period - Joshua Norris is hit by Rasmus Sandin.
15:32 of 3rd period - Minor Penalty to John Hayden for Roughing.
15:33 of 3rd period - Nicklas Backstrom wins face-off versus Josh Anderson in Hartford Whalers zone.
15:54 of 3rd period - Owen Power is hit by Alexander Wennberg and loses puck.
17:32 of 3rd period - Penalty to John Hayden is over, John Hayden is back on ice.
17:42 of 3rd period - Seth Jarvis is hit by Lukas Reichel and loses puck.
18:01 of 3rd period - Wrist shot by Anthony Mantha.
18:01 of 3rd period - Shot Misses the Net.
18:03 of 3rd period - Wrist shot by Anthony Mantha.
18:03 of 3rd period - Deflect By Joshua Norris.
18:03 of 3rd period - Shot Misses the Net.
18:03 of 3rd period - Puck is out of play.
18:04 of 3rd period - Vitali Kravtsov wins face-off versus Joshua Norris in Los Angeles Kings zone.
18:13 of 3rd period - Slapshot by Erik Brannstrom.
18:13 of 3rd period - Goal by Erik Brannstrom - Los Angeles Kings : 5 - Hartford Whalers : 5.
18:14 of 3rd period - Joshua Norris wins face-off versus Ryan Reaves in neutral zone.
18:23 of 3rd period - Slapshot by Anthony Mantha.
18:23 of 3rd period - Shot Blocked by Ryan Reaves.
18:25 of 3rd period - Wrist shot by Anthony Mantha.
18:25 of 3rd period - Shot Misses the Net.
18:27 of 3rd period - Slapshot by Alec Martinez.
18:27 of 3rd period - Stopped by John Gibson with a rebound.
18:29 of 3rd period - Wrist shot by John Hayden.
18:29 of 3rd period - Stopped by John Gibson without a rebound.
18:30 of 3rd period - Lukas Reichel wins face-off versus Kirby Dach in Los Angeles Kings zone.
18:33 of 3rd period - Snap shot by Lukas Reichel.
18:33 of 3rd period - Stopped by John Gibson without a rebound.
18:34 of 3rd period - Lukas Reichel wins face-off versus Kirby Dach in Los Angeles Kings zone.
19:43 of 3rd period - Wrist shot by Andrei Kuzmenko.
19:43 of 3rd period - Stopped by Anton Forsberg with a rebound.
19:59 of 3rd period - Wrist shot by Anthony Mantha.
19:59 of 3rd period - Goal by Anthony Mantha - Los Angeles Kings : 5 - Hartford Whalers : 6.
Goals for this period are 1 for Los Angeles Kings vs 4 for Hartford Whalers.
Shots for this period are 12 for Los Angeles Kings vs 11 for Hartford Whalers.
Back to the Top